 Dungeon Crawl Stone Soup version 0.21-b1-21-g86478ac299 (webtiles) character file.

1521 Ivernyr the Thrower (level 8, 0/88 HPs)
             Began as an Ogre Hunter on Jan 5, 2018.
             Was an Initiate of Qazlal.
             Slain by a worker ant (4 damage)
             ... on level 5 of the Dungeon.
             The game lasted 00:27:07 (9842 turns).

Ivernyr the Thrower (Ogre Hunter)                   Turns: 9842, Time: 00:27:07

Health: 0/88       AC:  3    Str: 17    XL:     8   Next: 84%
Magic:  8/8        EV: 11    Int: 12    God:    Qazlal [......]
Gold:   284        SH:  0    Dex: 11    Spells: 7/7 levels left

rFire    . . .     SeeInvis .   j - +2 spear (freeze)
rCold    . . .     Gourm    .   (no shield)
rNeg     . . .     Faith    .   b - +0 robe
rPois    .         Spirit   .   (helmet restricted)
rElec    .         Reflect  .   (no cloak)
rCorr    .         Harm     .   (gloves unavailable)
MR       .....                  (boots unavailable)
Stlth    ..........             (no amulet)
HPRegen  0.24/turn              w - ring of loudness (curse)
MPRegen  0.11/turn              B - +1 ring of evasion

@: lethally poisoned (0 -> -4)
A: large, unfitting armour, tough skin 1
a: Renounce Religion


You were on level 5 of the Dungeon.
You worshipped Qazlal.
Qazlal was noncommittal.
You were hungry.

You visited 2 branches of the dungeon, and saw 7 of its levels.
You also visited: Ossuary.

You collected 284 gold pieces.

Inventory:

Hand Weapons
 j - a +2 spear of freezing (weapon)
Missiles
 G - 7 steel javelins (quivered)
Armour
 b - a +0 robe (worn)
 y - a +0 shield
Jewellery
 w - a cursed ring of loudness (left hand)
 B - a +1 ring of evasion (right hand)
Wands
 u - a wand of flame (22)
 z - a wand of scattershot (5)
Scrolls
 e - 5 scrolls of identify
 g - 3 scrolls of immolation
 k - a scroll of fog {unknown}
 m - 2 scrolls of remove curse
 o - 2 scrolls of enchant weapon {unknown}
 p - 5 scrolls of teleportation {unknown}
 s - a scroll of enchant armour {unknown}
 A - a scroll of blinking {unknown}
 C - a scroll of amnesia {unknown}
 F - a scroll of holy word {unknown}
Potions
 a - 2 potions of agility {unknown}
 h - a potion of invisibility {unknown}
 i - 2 potions of lignification {unknown}
 l - 2 potions of cancellation
 n - a potion of degeneration {unknown}
 q - a potion of berserk rage {unknown}
 r - 3 potions of flight {unknown}
 t - a potion of resistance {unknown}
 v - a potion of might {unknown}
 x - 3 potions of curing {unknown}
 D - a potion of heal wounds {unknown}
 E - a potion of mutation {unknown}
Comestibles
 f - 6 rations


   Skills:
 + Level 8.0 Fighting
 * Level 8.6 Throwing
 - Level 2.0 Dodging
 - Level 0.6 Stealth
 + Level 4.1 Shields


You had 7 spell levels left.
You didn't know any spells.

Dungeon Overview and Level Annotations

Branches:
Dungeon (6/15)             Temple (1/1) D:5

Altars:
Ashenzari
Dithmenos
Elyvilon
Gozag
Hepliaklqana
Okawaru
Qazlal
Sif Muna
Trog
Vehumet
Wu Jian
Xom
Yredelemnul
Zin
The Shining One

Shops:
D:5 *=[

Annotations:
D:4 beanieboyaka's ghost, amateur DsBe
D:5 localhost's ghost, novice MiBe


Innate Abilities, Weirdness & Mutations

You are too large for most types of armour.
You have tough skin. (AC +1)


Message History

The worker ant closely misses you.
You closely miss the worker ant. The worker ant bites you.
* * * LOW HITPOINT WARNING * * *
You are more poisoned.
The worker ant poisons you!
You hit the worker ant but do no damage.
You feel sick. The worker ant bites you.
* * * LOW HITPOINT WARNING * * *
The worker ant closely misses you.
You puncture the worker ant! You freeze the worker ant.
The worker ant is severely wounded.
You feel sick. The worker ant bites you.
* * * LOW HITPOINT WARNING * * *
You hit the worker ant. You freeze the worker ant.
The worker ant is almost dead.
* * * LOW HITPOINT WARNING * * *
You feel sick. The worker ant closely misses you.
It was a potion of cancellation.
You feel magically purged. The worker ant bites you.
You die...

## ### .############### ####.#
...............# #....######
.#############.# #.##..#...# .#
#.###.###.#.#.# .#
#..@a.#...#.#.# .#
#########.###.#.# .#
#########.............#.# ## .#
#>...................##.# #. .#
#[##...<#.#######.##..#(#####. .#
#.................[..(........
.###.#....##.##....#.###..#######
.....#)...##.#....[..# ##.##.....
.....#....##.#.....### #..#.####


You could see a worker ant.

Vanquished Creatures
  Menkaure (D:6)
  Edmund (D:6)
  The ghost of ShornTheSheep the Cudgeler, an amateur GrBe of Trog (D:3)
  A water moccasin (D:5)
  An ogre (D:5)
  A centaur (D:5)
  2 water moccasin zombies (Ossuary)
  A scorpion (D:4)
  A howler monkey (D:4)
  2 crimson imps (D:5)
  A quasit (D:4)
  A jelly (D:5)
  An orc priest (D:5)
  3 hounds
  3 orc wizards
  Jessica (D:2)
  Ijyb (D:3)
  2 worker ants
  2 big kobold zombies (Ossuary)
  2 mummies (Ossuary)
  8 adders
  3 oozes
  9 adder zombies
  An adder skeleton (D:5)
  A worm (D:3)
  4 dart slugs
  4 leopard geckos
  14 orcs
  3 bats
  6 giant cockroaches
  5 goblins
  7 hobgoblins
  10 jackals
  4 quokkas
  2 ball pythons
  3 frilled lizards
  6 hobgoblin zombies (Ossuary)
  2 jackal skeletons
  6 kobolds
  8 kobold zombies (Ossuary)
  A leopard gecko skeleton (D:5)
  A leopard gecko zombie (D:3)
  4 orc zombies (Ossuary)
  3 rats
144 creatures vanquished.

Notes
Turn   | Place    | Note
-------+----------+-------------------------------------------
     0 | D:1      | Ivernyr the Ogre Hunter began the quest for the Orb.
     0 | D:1      | Reached XP level 1. HP: 22/22 MP: 1/1
   222 | D:1      | Reached XP level 2. HP: 31/31 MP: 2/2
   567 | D:1      | Reached XP level 3. HP: 34/37 MP: 3/3
  1232 | D:2      | Noticed Jessica
  1244 | D:2      | Killed Jessica
  1244 | D:2      | Reached XP level 4. HP: 39/48 MP: 4/4
  1360 | D:2      | Found a shadowy altar of Dithmenos.
  1668 | D:2      | Reached skill level 5 in Throwing
  2497 | D:3      | Noticed ShornTheSheep's ghost (amateur GrBe)
  2735 | D:3      | Reached XP level 5. HP: 43/55 MP: 5/5
  2825 | D:3      | Noticed Ijyb
  2842 | D:3      | Killed Ijyb
  2842 | D:3      | Reached skill level 5 in Fighting
  3395 | D:4      | Reached skill level 1 in Shields
  3414 | D:4      | Found a sand-covered staircase.
  3420 | Ossuary  | Entered an ossuary
  3625 | Ossuary  | Reached XP level 6. HP: 56/66 MP: 6/6
  4581 | Ossuary  | Reached XP level 7. HP: 16/74 MP: 7/7
  5066 | D:4      | Noticed beanieboyaka's ghost (amateur DsBe)
  5860 | D:3      | Killed ShornTheSheep's ghost
  7115 | D:5      | Entered Level 5 of the Dungeon
  7182 | D:5      | Found Yconigeo's Jewellery Shop.
  7183 | D:5      | Found Hienuot's Assorted Antiques.
  7272 | D:5      | Found a staircase to the Ecumenical Temple.
  7287 | Temple   | Entered the Ecumenical Temple
  7553 | Temple   | Became a worshipper of Qazlal Stormbringer
  8131 | D:5      | Noticed localhost's ghost (novice MiBe)
  8136 | D:5      | Found Bosuarum's Armour Shop.
  8276 | D:5      | Reached XP level 8. HP: 69/84 MP: 8/8
  9035 | D:5      | Found an iron altar of Okawaru.
  9126 | D:6      | Noticed Edmund
  9134 | D:6      | Killed Edmund
  9135 | D:6      | Noticed Menkaure
  9139 | D:6      | Killed Menkaure
  9840 | D:5      | HP: 4/88 [worker ant (5)]
  9842 | D:5      | Slain by a worker ant

Skill      XL: |  1  2  3  4  5  6  7  8 |
---------------+-------------------------+-----
Fighting       | 3 4 5 6 8 |  8.0
Dodging        | 2 |  2.0
Throwing       | 5 6 7 8 |  8.6
Shields        | 1 2 3 4 |  4.1
Stealth        | |  0.6

Action                   |  1- 3 |  4- 6 |  7- 9 || total
-------------------------+-------+-------+-------++-------
Melee: Short sword       |    10 |       |       ||    10
       Whip              |     9 |       |       ||     9
       Spear             |    54 |   277 |   281 ||   612
Throw: Large rock        |       |     8 |     9 ||    17
       Javelin           |       |       |     2 ||     2
       Throwing net      |       |       |     2 ||     2
  Use: Scroll            |       |       |     4 ||     4
       Potion            |       |       |     1 ||     1
 Stab: Sleeping          |       |     1 |       ||     1
  Eat: Chunk             |       |     9 |    12 ||    21
       Ration            |       |     1 |     1 ||     2
Armor: Robe              |    20 |    49 |    58 ||   127
Dodge: Dodged            |    37 |   107 |   184 ||   328
